 Dungeon Crawl Stone Soup version 0.24.0-123-gd5b16e6ec5 (webtiles) character file.

Game seed: 17188378035722903459, levelgen mode: deterministic

57323 Goreval the Unseen (level 14, -4/68 HPs)
             Began as a Spriggan Enchanter on Jan 11, 2020.
             Was an Initiate of Gozag.
             Slain by an orc warrior
             ... wielding a +0 short sword
             ... led by an orc knight
              (7 damage)
             ... on level 1 of the Orcish Mines.
             The game lasted 01:09:26 (29740 turns).

Goreval the Unseen (Spriggan Enchanter)            Turns: 29740, Time: 01:09:26

Health: -4/68      AC:  6    Str:  4    XL:     14   Next: 45%
Magic:  26/27      EV: 25    Int: 21    God:    Gozag
Gold:   3497       SH:  0    Dex: 17    Spells: 13/30 levels left

rFire    . . .     SeeInvis +   p - +9 dagger (elec)
rCold    + . .     Gourm    .   (shield restricted)
rNeg     . . .     Faith    .   b - +1 robe
rPois    +         Spirit   .   (helmet restricted)
rElec    .         Reflect  .   v - +2 cloak {rPois}
rCorr    .         Harm     .   (gloves unavailable)
MR       ++...                  (boots unavailable)
Stlth    ++++++++..             (no amulet)
HPRegen  0.21/turn              w - ring of Ysien {rC+ Slay+2}
MPRegen  0.20/turn              F - ring of poison resistance

@: lightly drained, very quick
A: very small, unfitting armour, see invisible, herbivore, speed 3, slow
metabolism 2
a: Potion Petition, Call Merchant, Bribe Branch, Renounce Religion


You were on level 1 of the Orcish Mines.
You worshipped Gozag.
Gozag was most pleased with you.
You were not hungry.

You visited 4 branches of the dungeon, and saw 21 of its levels.
You also visited: Sewer.

You collected 6561 gold pieces.
You spent 1782 gold pieces at shops.
You paid 1282 gold pieces to Gozag.

Inventory:

Hand Weapons
 p - a +9 dagger of electrocution (weapon)
 A - a +0 dagger of speed
Missiles
 e - 690 stones (quivered)
 h - 358 arrows
 x - 41 poisoned darts
 I - 5 throwing nets
Armour
 b - a +1 robe (worn)
 v - a +2 cloak of poison resistance (worn)
 V - a +2 buckler
Magical Staves
 B - an uncursed staff of air
Jewellery
 s - an uncursed ring of protection from cold
 w - the ring of Ysien (left hand) {rC+ Slay+2}
   (You found it on level 5 of the Dungeon)

   [ring of protection from cold]

   It affects your accuracy and damage with ranged weapons and melee attacks
   (+2).
   It protects you from cold.
 F - a ring of poison resistance (right hand)
 G - an uncursed ring of fire
 R - an uncursed ring of flight
 X - an uncursed ring of positive energy
Wands
 i - a wand of iceblast (16)
 u - a wand of random effects (27)
 y - a wand of polymorph (7)
 M - a wand of paralysis (13)
 N - a wand of scattershot (12)
 Q - a wand of flame (25)
 T - a wand of disintegration (14)
Scrolls
 g - 10 scrolls of remove curse
 j - 2 scrolls of blinking
 k - 5 scrolls of enchant armour
 o - 4 scrolls of fog
 q - 10 scrolls of teleportation
 z - 5 scrolls of magic mapping
 E - a scroll of immolation
 H - 6 scrolls of identify
 S - 2 scrolls of fear
 U - a scroll of amnesia
 W - a scroll of vulnerability {unknown}
Potions
 a - 4 potions of magic
 c - 4 potions of brilliance
 f - 3 potions of haste
 l - 3 potions of resistance
 m - 4 potions of flight
 n - 3 potions of agility
 r - 3 potions of lignification
 t - 10 potions of curing
 C - 2 potions of ambrosia
 D - 3 potions of cancellation
 J - 2 potions of berserk rage
 K - 2 potions of invisibility
 O - 2 potions of might
 P - 2 potions of heal wounds
Miscellaneous
 L - a box of beasts
Comestibles
 d - 22 rations


   Skills:
 - Level 5.0(4.6) Fighting
 - Level 10.0(9.6) Short Blades
 - Level 10.0(9.6) Dodging
 - Level 20.7(20.2) Stealth
 - Level 8.5(8.1) Spellcasting
 - Level 2.6(2.2) Conjurations
 + Level 12.1(11.7) Hexes
 * Level 13.2(12.8) Translocations
 + Level 6.6(6.2) Transmutations
 - Level 6.0(5.6) Evocations


You had 13 spell levels left.
You knew the following spells:

 Your Spells              Type           Power        Failure   Level  Hunger
a - Ensorcelled Hibernat  Hex/Ice        ####..       1%          2    None
b - Confuse               Hex            ######..     1%          3    None
c - Dazzling Spray        Conj/Hex       #####.       1%          3    None
d - Petrify               Tmut/Erth      ###.....     22%         4    ###....
e - Confusing Touch       Hex            ######       1%          1    None
n - Blink                 Tloc           N/A          1%          2    None
z - Sticks to Snakes      Tmut           ####....     1%          2    None

Your spell library contained the following spells:

 Spells                   Type           Power        Failure   Level  Hunger
 Beastly Appendage        Tmut           ####..       1%          1    None
 Corona                   Hex            ######.      1%          1    None
 Shroud of Golubria       Chrm/Tloc      #####.       1%          2    None
 Slow                     Hex            ######..     1%          2    None
 Gell's Gravitas          Tloc           ######....   1%          3    None
 Lesser Beckoning         Tloc           ######....   1%          3    None
 Teleport Other           Tloc           ######..     1%          3    None
 Tukima's Dance           Hex            ######..     1%          3    None
 Passage of Golubria      Tloc           N/A          1%          4    ###....
 Magic Dart               Conj           ###.         3%          1    None
 Yara's Violent Unravell  Hex/Tmut       #####.....   5%          5    #####..
 Spider Form              Tmut/Pois      ###.......   7%          3    None
 Call Imp                 Summ           #.......     12%         2    None
 Conjure Flame            Conj/Fire      ##......     14%         3    None
 Mephitic Cloud           Conj/Pois/Air  ##......     17%         3    None
 Blade Hands              Tmut           ####......   17%         5    #####..
 Metabolic Englaciation   Hex/Ice        ####......   19%         5    #####..
 Ice Form                 Ice/Tmut       ###.....     22%         4    ###....


Dungeon Overview and Level Annotations

Branches:
Dungeon (13/15)            Temple (1/1) D:4            Lair (6/6) D:9
 Shoals (0/4) Lair:2        Snake (0/4) Lair:4        Slime (0/5) Lair:5
    Orc (1/2) D:12          Sewer (visited)
 Vaults: D:13-14

Altars:
Ashenzari
Cheibriados
Dithmenos
Elyvilon
Fedhas
Gozag
Hepliaklqana
Kikubaaqudgha
Makhleb
Nemelex Xobeh
Okawaru
Qazlal
Ru
Sif Muna
Trog
Uskayaw
Vehumet
Wu Jian
Xom
Yredelemnul
Zin
The Shining One
Jiyva

Shops:
D:10 [   Lair:1 :!

Portals:
Trove: D:11 (give +3 shadow dragon scales)

Annotations:
D:12 1 runed translucent door
Lair:1 1 runed translucent door, exclusion: ice dragon, Chiseanne's ghost, journeyman DsWr; Gastronok
Lair:3 3 runed translucent doors, Loywebes's ghost, journeyman MiFi
Lair:5 3 runed translucent doors, Ykky's ghost, journeyman VSFi
Orc:1 Nergalle


Innate Abilities, Weirdness & Mutations

You are very small and have problems with some larger weapons.
You are too small for most types of armour.
You have supernaturally acute eyesight. (SInv)
You are a herbivore.
You cover ground extremely quickly.
You need to consume almost no food.


Message History

There is a staircase to the Orcish Mines here.
You climb downwards.
Welcome back to the Orcish Mines!
Level annotation: Nergalle The orc completely misses you.
The gnoll hits you with a +2 flail of draining!
You feel drained.
The orc warrior hits you with a +0 flail!
The orc misses you.
The orc warrior hits you with a +0 short sword!
The orc completely misses you.
There is a staircase back to the Dungeon, spattered with blood here.
The ogre mage mumbles some strange words.
The ogre mage seems to speed up.
The orc priest miscasts a cantrip.
The orc warrior hits you with a +0 flail!!
* * * LOW HITPOINT WARNING * * *
The gnoll completely misses you. The orc completely misses you.
The orc warrior hits you with a +0 short sword!
You die...
Your body crumbles into a pile of gold.

## #. ##..
##...# #...#.#
## g......##.###
......oogO..##
.......@o....#
g....oooo.o.....
......o...#$....
...........#.#o.
#..o.......# # .
$ $ ............
.....###..o..
$.... .#.....


You could see an orc knight, Nergalle, an ogre mage, 3 orc warriors, 3 orc
priests, 3 gnolls and 4 orcs.

Vanquished Creatures
  Rupert (Lair:4)
  Kirke (Lair:4)
  The ghost of Delamore the Cleaver, a journeyman FoFi of Okawaru (D:8)
  4 hydras
  A catoblepas (Lair:4)
  2 death yaks
  6 two-headed ogres
  The ghost of 4FPSwarrior the Insei, a novice OpAs of Cheibriados (D:7)
  2 unseen horrors (D:12)
  An ugly thing (D:12)
  An elephant (D:9)
  4 black mambas
  3 centaur zombies
  A merfolk siren (Lair:2)
  7 spiny frogs
  The ghost of puimuR the Cleaver, a novice HOMo of the Shining One (D:7)
  2 torpor snails
  16 rime drakes
  6 komodo dragons
  4 trolls
  A queen bee (D:8)
  4 polar bears (Lair:6)
  Prince Ribbit (D:7)
  7 hornets
  A merfolk (D:11)
  3 slime creatures (D:12)
  13 hippogriffs
  A dream sheep (Lair:6)
  10 blink frogs
  40 yaks
  13 spriggans
  A wraith (D:12)
  A vampire (D:8)
  A human (D:11)
  4 wyverns
  3 basilisks
  7 steam dragons
  5 vampire mosquitoes (Lair:3)
  3 hungry ghosts
  A warg (D:12)
  3 nagas (Lair:4)
  3 insubstantial wisps (Lair:3)
  An acid dragon (Lair:2)
  7 porcupines
  13 water moccasins
  3 orc warriors
  3 sky beasts
  3 black bears (Lair:6)
  2 hornet zombies
  5 phantoms
  5 ogres
  2 ice beasts
  A necrophage (D:9)
  4 boggarts (Lair:6)
  16 wolves
  7 centaurs
  10 crocodiles
  Blork the orc (D:6)
  13 bullfrogs
  5 big kobolds
  A wyvern skeleton (D:9)
  4 scorpions
  11 killer bees
  A howler monkey (D:5)
  6 crimson imps
  A quasit (D:8)
  3 bullfrog zombies
  3 centaur skeletons
  8 hounds
  17 orc wizards
  A bullfrog skeleton (D:6)
  2 jellies
  4 orc priests
  5 iguanas
  11 worker ants
  A worker ant zombie (D:8)
  A howler monkey zombie (D:10)
  A gnoll (D:5)
  21 adders
  3 river rats
  3 shadow imps
  7 oozes
  An adder zombie (D:7)
  4 worms
  2 dart slugs
  6 leopard geckos
  56 orcs
  8 bats
  8 giant cockroaches
  5 goblins
  9 hobgoblins
  4 jackals
  A quokka (D:8)
  9 ball pythons
  3 frilled lizards
  22 kobolds
  A leopard gecko skeleton (D:4)
  13 rats
559 creatures vanquished.

Vanquished Creatures (collateral kills)
  An orc (D:8)
1 creature vanquished.

Vanquished Creatures (others)
  6 humans (Lair:4)
  An orc (D:11)
  14 fungi
  14 plants
  2 withered plants (Lair:1)
37 creatures vanquished.

Grand Total: 597 creatures vanquished

Notes
Turn   | Place    | Note
-------+----------+-------------------------------------------
     0 | D:1      | Goreval the Spriggan Enchanter began the quest for the Orb.
     0 | D:1      | Reached XP level 1. HP: 9/9 MP: 5/5
   316 | D:1      | Reached XP level 2. HP: 12/13 MP: 6/6
   320 | D:1      | Learned a level 2 spell: Ensorcelled Hibernation
   622 | D:1      | Reached skill level 5 in Stealth
  1363 | D:2      | Found a blossoming altar of Fedhas.
  1588 | D:2      | Reached XP level 3. HP: 16/16 MP: 1/8
  1865 | D:2      | Learned a level 3 spell: Confuse
  2480 | D:3      | Reached XP level 4. HP: 21/21 MP: 6/9
  3129 | D:3      | Learned a level 3 spell: Dazzling Spray
  3285 | D:4      | Found a staircase to the Ecumenical Temple.
  3294 | Temple   | Entered the Ecumenical Temple
  3307 | Temple   | Became a worshipper of Gozag Ym Sagoz the Greedy
  3387 | D:4      | Reached skill level 6 in Stealth
  3387 | D:4      | Reached XP level 5. HP: 19/24 MP: 11/11
  3474 | D:4      | Noticed a sky beast
  3483 | D:4      | Killed a sky beast
  3483 | D:4      | Reached skill level 5 in Hexes
  3611 | D:4      | Found a basalt altar of Yredelemnul.
  3612 | D:4      | Reached XP level 6. HP: 28/28 MP: 12/12
  3616 | D:4      | Learned a level 2 spell: Sticks to Snakes
  3844 | D:4      | Reached skill level 7 in Stealth
  3999 | D:5      | Entered Level 5 of the Dungeon
  4038 | D:5      | Got a transparent turquoise ring
  4059 | D:5      | Identified the ring of Ysien {rC+ Slay+2} (You found it on
                  | level 5 of the Dungeon)
  4296 | D:5      | Reached XP level 7. HP: 32/32 MP: 14/14
  4391 | D:5      | Reached skill level 8 in Stealth
  4478 | D:5      | Reached skill level 5 in Short Blades
  5067 | D:5      | Reached skill level 9 in Stealth
  5067 | D:5      | Reached skill level 5 in Spellcasting
  5067 | D:5      | Reached XP level 8. HP: 36/36 MP: 9/16
  5625 | D:6      | Found a glowing drain.
  5670 | Sewer    | Entered a sewer
  6412 | D:6      | Noticed Blork the orc
  6422 | D:6      | Killed Blork the orc
  6684 | D:6      | Found a shimmering blue altar of Sif Muna.
  6693 | D:6      | Found an iron altar of Okawaru.
  6693 | D:6      | Found a stormy altar of Qazlal.
  6942 | D:7      | Reached skill level 10 in Stealth
  7588 | D:7      | Reached XP level 9. HP: 39/39 MP: 12/17
  7802 | D:7      | Noticed Prince Ribbit
  7812 | D:7      | Killed Prince Ribbit
  8147 | D:7      | Found a runed translucent gate.
  8147 | D:7      | Found a runed translucent gate.
  8147 | D:7      | Found a runed translucent gate.
  8151 | D:7      | Noticed 4FPSwarrior's ghost (novice OpAs)
  8151 | D:7      | Noticed puimuR's ghost (novice HOMo)
  8731 | D:8      | Found a hide-covered altar of Uskayaw.
  8731 | D:8      | Found an ornate altar of the Wu Jian Council.
  9021 | D:8      | Noticed a queen bee
  9037 | D:8      | Found a transporter.
  9038 | D:8      | Noticed Delamore's ghost (journeyman FoFi)
  9342 | D:8      | Found a sparkling altar of Nemelex Xobeh.
  9455 | D:8      | Found a transporter.
  9610 | D:8      | Reached skill level 10 in Short Blades
  9727 | D:8      | Reached skill level 1 in Transmutations
  9739 | D:8      | Reached skill level 11 in Stealth
  9901 | D:9      | Found a staircase to the Lair.
  9902 | D:9      | Noticed an elephant
  9934 | D:9      | Reached XP level 10. HP: 44/44 MP: 7/19
 10048 | D:9      | Killed an elephant
 10230 | D:9      | Reached skill level 5 in Transmutations
 10491 | D:9      | Reached skill level 12 in Stealth
 11199 | D:9      | Noticed a two-headed ogre
 11201 | D:9      | Killed a two-headed ogre
 11201 | D:9      | Reached skill level 1 in Fighting
 11201 | D:9      | Reached skill level 5 in Dodging
 11201 | D:9      | Reached skill level 10 in Hexes
 11276 | D:10     | Entered Level 10 of the Dungeon
 11469 | D:10     | Found Anagomm's Antique Armour Boutique.
 11546 | D:10     | Noticed a two-headed ogre
 11566 | D:10     | Killed a two-headed ogre
 11566 | D:10     | Reached skill level 13 in Stealth
 11742 | D:10     | You fall into a shaft and drop 3 floors!
 11942 | D:12     | Reached XP level 11. HP: 51/51 MP: 16/21
 12051 | D:12     | Noticed an eight-headed hydra
 12056 | D:12     | Killed an eight-headed hydra
 13341 | D:11     | Reached skill level 14 in Stealth
 13496 | D:11     | Identified a scroll of acquirement
 14404 | D:11     | Found a portal to a secret trove of treasure.
 14899 | Lair:1   | Entered Level 1 of the Lair of Beasts
 15021 | Lair:1   | Bought 2 potions of curing for 102 gold pieces
 15021 | Lair:1   | Bought a potion of might for 68 gold pieces
 15021 | Lair:1   | Bought a potion of invisibility for 136 gold pieces
 15021 | Lair:1   | Bought a potion of heal wounds for 85 gold pieces
 15021 | Lair:1   | Bought a potion of heal wounds for 85 gold pieces
 15021 | Lair:1   | Bought a potion of ambrosia for 136 gold pieces
 15107 | Lair:1   | Noticed an ice dragon
 15134 | Lair:1   | Found a runed translucent door.
 15134 | Lair:1   | Noticed Chiseanne's ghost (journeyman DsWr)
 15266 | Lair:1   | Reached skill level 15 in Stealth
 15411 | Lair:1   | Learned a level 4 spell: Petrify
 15569 | Lair:1   | Reached skill level 5 in Fighting
 15569 | Lair:1   | Reached skill level 10 in Dodging
 15718 | Lair:1   | Noticed Gastronok
 16469 | Lair:2   | Reached XP level 12. HP: 60/60 MP: 16/22
 16562 | Lair:2   | Reached skill level 16 in Stealth
 16904 | Lair:2   | Noticed a death yak
 17041 | Lair:2   | Noticed a death yak
 17106 | Lair:2   | Killed a death yak
 17310 | Lair:1   | Killed a death yak
 17721 | Lair:1   | HP: 2/60 [rime drake/flash freeze (24)]
 18172 | Lair:2   | Reached skill level 1 in Conjurations
 18201 | Lair:2   | Reached skill level 17 in Stealth
 18336 | Lair:1   | Bought a book of Spatial Translocations for 1170 gold
                  | pieces
 18341 | Lair:1   | Learned a level 2 spell: Blink
 18407 | Lair:2   | Reached skill level 1 in Translocations
 18928 | Lair:2   | Found a staircase to the Shoals.
 19731 | Lair:3   | Found a runed translucent gate.
 19732 | Lair:3   | Found a runed translucent gate.
 19734 | Lair:3   | Found a runed translucent gate.
 19847 | Lair:3   | Noticed Loywebes's ghost (journeyman MiFi)
 19945 | Lair:3   | You fall into a shaft and drop 2 floors!
 19948 | Lair:5   | Found a runed translucent gate.
 19948 | Lair:5   | Found a runed translucent gate.
 19948 | Lair:5   | Found a runed translucent gate.
 20135 | Lair:5   | Reached skill level 5 in Translocations
 20715 | Lair:3   | Reached XP level 13. HP: 63/63 MP: 22/26
 21467 | Lair:3   | Reached skill level 18 in Stealth
 21741 | Lair:3   | Learned a level 1 spell: Confusing Touch
 21910 | Lair:4   | Found a staircase to the Snake Pit.
 21943 | Lair:4   | Noticed Kirke
 22002 | Lair:4   | Reached skill level 1 in Evocations
 22015 | Lair:4   | Killed Kirke
 22106 | Lair:4   | Noticed Rupert
 23022 | Lair:4   | Paralysed by Rupert for 2 turns
 23082 | Lair:4   | Killed Rupert
 23268 | Lair:5   | Found a viscous altar of Jiyva.
 23268 | Lair:5   | Found a staircase to the Slime Pits.
 23271 | Lair:5   | Reached skill level 19 in Stealth
 23631 | Lair:5   | Noticed Ykky's ghost (journeyman VSFi)
 23631 | Lair:5   | Noticed a death ooze
 23633 | Lair:5   | Found a viscous altar of Jiyva.
 24069 | Lair:6   | Entered Level 6 of the Lair of Beasts
 24304 | Lair:6   | Reached skill level 10 in Translocations
 24407 | Lair:6   | Reached skill level 5 in Evocations
 26047 | Lair:6   | Reached XP level 14. HP: 68/68 MP: 20/27
 26123 | Lair:6   | Reached skill level 20 in Stealth
 27146 | D:7      | Killed 4FPSwarrior's ghost
 27162 | D:7      | Killed puimuR's ghost
 27369 | D:8      | Killed Delamore's ghost
 28191 | D:12     | Found a staircase to the Orcish Mines.
 28688 | D:12     | Found a runed translucent door.
 29424 | Orc:1    | Entered Level 1 of the Orcish Mines
 29424 | Orc:1    | Noticed Nergalle
 29740 | Orc:1    | HP: 3/68 [orc warrior/+0 flail (24)]
 29740 | Orc:1    | Slain by an orc warrior

Levels and vault maps discovered:
D:1:      lemuel_arrival_river_ford, layout_basic, serial_curves,
          eino_curves_02, eino_curves_04
D:2:      layout_basic, fedhas_altar_1, first_ration
D:3:      layout_rooms
D:4:      layout_basic, marbit_many_paths, minmay_temple_entry_mist
D:5:      layout_cave_pods, cheibrodos_gnoll_hut
D:6:      layout_loops_ring, minitemple, cheibrodos_sewer_entry_sluice,
          uniq_blork_the_orc
D:7:      layout_layer_cave, gammafunk_ghost_cemetery, uniq_prince_ribbit1
D:8:      layout_basic, kennysheep_mini,
          chequers_temple_overflow_statue_of_worship, gammafunk_ghost_hive
D:9:      minmay_angry_zag, layout_basic, david_lair_generic
D:10:     layout_basic, serial_shops, kennysheep_mini_moat
D:11:     layout_loops_ring, nicolae_trove_entry_columns, hangedman_stone_soup
D:12:     cheibrodos_shockbox, layout_grid_maze, hiddenorc2_lemuel
D:13:     layout_basic, basic_altar, serial_shops, kennysheep_little_box
Temple:   eino_temple_lava
Lair:1:   dragon1_lemuel, layout_layer_cave, gammafunk_ghost_grave,
          minivault_24, lemuel_fruit_tree, uniq_gastronok
Lair:2:   layout_chaotic_city, minmay_shoals_entry_lonely_mermaid,
          bobbens_dragon_lair_wall
Lair:3:   minmay_lair_venomous_thicket, layout_cave_pods,
          ebering_ghost_rock_garden, pond
Lair:4:   layout_roguey, minmay_snake_entry_guardpost_small,
          nicolae_quartered_pool_super, uniq_kirke, uniq_rupert
Lair:5:   layout_hall_layers, dpeg_slime_entry_enclosed_altar,
          gammafunk_ghost_ooze, st_stairs_8
Lair:6:   minmay_lair_end_enchanted_forest, layout_misc_corridors,
          lookout_lair_type
Orc:1:    layout_caves, basic_altar, uniq_nergalle

Skill      XL: |  1  2  3  4  5  6  7  8  9 10 11 12 13 14 |
---------------+-------------------------------------------+-----
Stealth        | 5 6 7 9 10 11 13 15 17 19 20 | 20.7
Hexes          | 4 5 6 7 8 9 10 12 | 12.1
Spellcasting   | 3 4 5 6 8 |  8.5
Short Blades   | 2 3 4 5 7 10 | 10.0
Transmutations | 4 6 |  6.6
Dodging        | 6 10 | 10.0
Fighting       | 2 5 |  5.0
Conjurations   | 2 |  2.6
Translocations | 5 11 13 | 13.2
Evocations     | 5 6 |  6.0

Action                   |  1- 3 |  4- 6 |  7- 9 | 10-12 | 13-15 || total
-------------------------+-------+-------+-------+-------+-------++-------
Melee: Dagger            |   106 |    76 |   240 |   479 |   597 ||  1498
Throw: Stone             |       |     1 |    14 |    25 |    12 ||    52
 Cast: Corona            |     1 |       |       |       |       ||     1
       Ensorcelled Hiber |    13 |    13 |    35 |    65 |    53 ||   179
       Confuse           |       |     2 |    17 |    72 |    34 ||   125
       Sticks to Snakes  |       |       |     2 |       |       ||     2
       Dazzling Spray    |       |       |       |    21 |    30 ||    51
       Confusing Touch   |       |       |       |       |    21 ||    21
Invok: Call Merchant     |       |       |       |     2 |       ||     2
  Use: Scroll            |       |     9 |    10 |    11 |     3 ||    33
       Potion            |       |       |       |     1 |       ||     1
 Stab: Sleeping          |    22 |    19 |    40 |    62 |    47 ||   190
       Confused          |       |       |     8 |    34 |    29 ||    71
       Distracted        |       |       |     4 |     2 |     5 ||    11
       Invisible         |       |       |       |    11 |    13 ||    24
       Petrified         |       |       |       |       |     1 ||     1
  Eat: Ration            |       |     1 |     3 |     8 |     4 ||    16
Armor: Robe              |    11 |     5 |    11 |    18 |    27 ||    72
Dodge: Dodged            |    76 |    38 |   123 |   297 |   379 ||   913
